TOP OF THE 1ST |
Lowell Spinners batting - Pitching for Mahoning Valley Scrappers : RHP Marcus Cox
|
Pitching: RHP Marcus Cox
|
|
Batting: RHB Nick Cottrell
|
0-0: Foul Ball, location: 2F 0-1: Called Strike 0-2: Ball 1-2: Ball 2-2: Ball 3-2: Ground out 5-3 (Groundball, 56, EV 85.6 MPH)
|
Batting: LHB Nelis Geurts
|
0-0: Foul Ball, location: 2F 0-1: Ball 1-1: Ball 2-1: Ball 3-1: Foul Ball, location: 2F 3-2: Strikes out looking
|
Batting: LHB Jarrett Mordecai
|
0-0: Foul Ball, location: 2F 0-1: Called Strike 0-2: Ball 1-2: Ball 2-2: Ball 3-2: Base on Balls
|
Batting: RHB Guillermo Quintero
|
0-0: Ball 1-0: Ball 2-0: Foul Ball, location: 2F 2-1: Fly out, F6 (Popup, 15S, EV 88.8 MPH)
|
Top of the 1st over - 0 runs, 0 hits, 0 errors, 1 left on base; Lowell 0 - Mahoning Valley 0 |
BOTTOM OF THE 1ST |
Mahoning Valley Scrappers batting - Pitching for Lowell Spinners : RHP Mike Schroeder
|
Pitching: RHP Mike Schroeder
|
|
Batting: LHB John Harring
|
0-0: Ball 1-0: Called Strike 1-1: SINGLE (Groundball, 6D, EV 101.3 MPH)
|
Batting: RHB Jeremy Givens
|
0-0: Ball John Harring steals 2nd base 1-0: Ball 2-0: Ground out 1-3 (Groundball, 13S, EV 69.4 MPH) John Harring to third
|
Batting: RHB Ryan Gautney
|
0-0: Called Strike 0-1: Ball 1-1: Foul Ball, location: 2F 1-2: Ball 2-2: Fly out, F8 (Flyball, 78D, EV 96.9 MPH) Runner from 3rd tags up, SCORES, throw by CF
|
Batting: SHB Joe Zeiset
|
0-0: Swinging Strike 0-1: Swinging Strike 0-2: Strikes out swinging
|
Bottom of the 1st over - 1 run, 1 hit, 0 errors, 0 left on base; Lowell 0 - Mahoning Valley 1 |
TOP OF THE 2ND |
Lowell Spinners batting - Pitching for Mahoning Valley Scrappers : RHP Marcus Cox
|
Batting: LHB Noel Young
|
0-0: Ball 1-0: Ball 2-0: Ball 3-0: Called Strike 3-1: Base on Balls
|
Batting: RHB Joel Vazquez
|
0-0: Ball 1-0: Foul Ball, location: 2F 1-1: Grounds into double play, 5-4-3 (Groundball, 56, EV 106.3 MPH)
|
Batting: RHB Tommy Boudreaux
|
0-0: Called Strike 0-1: Ground out 4-3 (Groundball, 4, EV 88.1 MPH)
|
Top of the 2nd over - 0 runs, 0 hits, 0 errors, 0 left on base; Lowell 0 - Mahoning Valley 1 |
BOTTOM OF THE 2ND |
Mahoning Valley Scrappers batting - Pitching for Lowell Spinners : RHP Mike Schroeder
|
Batting: LHB Devon Grant
|
0-0: DOUBLE (Line Drive, 8LD, EV 90.0 MPH)
|
Batting: RHB Andy Lewis
|
0-0: Ball 1-0: Foul Ball, location: 2F 1-1: Foul Ball, location: 2F 1-2: Ball 2-2: Foul Ball, location: 2F 2-2: Strikes out swinging
|
Batting: RHB Blake Kelly
|
0-0: Ball Devon Grant steals 3rd base (no throw) 1-0: Ball 2-0: Ball 3-0: Base on Balls
|
Batting: RHB Gashie Chimsima
|
0-0: Swinging Strike 0-1: Foul Ball, location: 2F 0-2: Strikes out looking
|
Batting: RHB Willie Gonzales
|
0-0: Called Strike 0-1: Fielders Choice at 2nd, 6-4 (Groundball, 6, EV 90.0 MPH)
|
Bottom of the 2nd over - 0 runs, 1 hit, 0 errors, 2 left on base; Lowell 0 - Mahoning Valley 1 |
TOP OF THE 3RD |
Lowell Spinners batting - Pitching for Mahoning Valley Scrappers : RHP Marcus Cox
|
Batting: RHB Jose Diaz
|
0-0: Ball 1-0: Called Strike 1-1: SINGLE (Groundball, 56D, EV 105.0 MPH)
|
Batting: RHB Bobby Schimke
|
0-0: Called Strike 0-1: Ball 1-1: Foul Ball, location: 2F 1-2: Ball 2-2: Strikes out swinging
|
Batting: RHB Nick Cottrell
|
0-0: Ball 1-0: Ball 2-0: Swinging Strike 2-1: Called Strike 2-2: DOUBLE (Flyball, 89XD, EV 111.9 MPH) Jose Diaz to third
|
Batting: LHB Nelis Geurts
|
0-0: Fly out, F7 (Line Drive, 78S, EV 97.5 MPH) Runner from 3rd tags up, OUT at HOME! 7-2
|
Top of the 3rd over - 0 runs, 2 hits, 0 errors, 1 left on base; Lowell 0 - Mahoning Valley 1 |
BOTTOM OF THE 3RD |
Mahoning Valley Scrappers batting - Pitching for Lowell Spinners : RHP Mike Schroeder
|
Batting: LHB John Harring
|
0-0: Ball 1-0: Bunt for hit to 2L - play at first, batter safe!
|
Batting: RHB Jeremy Givens
|
0-0: Fly out, F8 (Line Drive, 8RM, EV 93.8 MPH)
|
Batting: RHB Ryan Gautney
|
0-0: Swinging Strike John Harring is caught stealing 2nd base 2-4 0-1: Ball 1-1: Ball 2-1: Ground out 5-3 (Groundball, 56D, EV 76.3 MPH)
|
Bottom of the 3rd over - 0 runs, 1 hit, 0 errors, 0 left on base; Lowell 0 - Mahoning Valley 1 |
TOP OF THE 4TH |
Lowell Spinners batting - Pitching for Mahoning Valley Scrappers : RHP Marcus Cox
|
Batting: LHB Jarrett Mordecai
|
0-0: Foul Ball, location: 2F 0-1: Ball 1-1: Called Strike 1-2: Ball 2-2: TRIPLE (Flyball, 78XD, EV 102.5 MPH)
|
Batting: RHB Guillermo Quintero
|
0-0: Foul Ball, location: 2F 0-1: Ball 1-1: Ball 2-1: Fly out, F7 (Flyball, 8LS, EV 90.6 MPH)
|
Batting: LHB Noel Young
|
0-0: Swinging Strike 0-1: Swinging Strike 0-2: Strikes out swinging
|
Batting: RHB Joel Vazquez
|
0-0: Swinging Strike 0-1: Ball 1-1: Ball 2-1: Ball 3-1: Base on Balls
|
Batting: RHB Tommy Boudreaux
|
0-0: Ball 1-0: Ball 2-0: Called Strike 2-1: Foul Ball, location: 2F 2-2: SINGLE (Flyball, 5D, EV 85.6 MPH) Jarrett Mordecai scores Joel Vazquez to second
|
Batting: RHB Jose Diaz
|
0-0: Foul Ball, location: 2F 0-1: Ball Wild Pitch! Joel Vazquez to third Tommy Boudreaux to second 1-1: Fly out, F9 (Flyball, 9LM, EV 86.3 MPH)
|
Top of the 4th over - 1 run, 2 hits, 0 errors, 2 left on base; Lowell 1 - Mahoning Valley 1 |
BOTTOM OF THE 4TH |
Mahoning Valley Scrappers batting - Pitching for Lowell Spinners : RHP Mike Schroeder
|
Batting: SHB Joe Zeiset
|
0-0: Called Strike 0-1: Ball 1-1: SOLO HOME RUN (Flyball, 9LD, EV 90.6 MPH), Distance : 334 ft
|
Batting: LHB Devon Grant
|
0-0: Ball 1-0: Called Strike 1-1: Ball 2-1: Fly out, F7 (Flyball, 7LD, EV 88.1 MPH)
|
Batting: RHB Andy Lewis
|
0-0: Fly out, F8 (Flyball, 8LM, EV 86.3 MPH)
|
Batting: RHB Blake Kelly
|
0-0: Swinging Strike 0-1: Foul Ball, location: 2F 0-2: Ball 1-2: Ball 2-2: Ball 3-2: Foul Ball, location: 2F 3-2: Strikes out looking
|
Bottom of the 4th over - 1 run, 1 hit, 0 errors, 0 left on base; Lowell 1 - Mahoning Valley 2 |
TOP OF THE 5TH |
Lowell Spinners batting - Pitching for Mahoning Valley Scrappers : RHP Marcus Cox
|
Batting: RHB Bobby Schimke
|
0-0: Bunt missed! 0-1: Swinging Strike 0-2: Strikes out swinging, 2-3 out at first.
|
Batting: RHB Nick Cottrell
|
0-0: Called Strike 0-1: Ball 1-1: Called Strike 1-2: Foul Ball, location: 2F 1-2: SINGLE (Flyball, 56D, EV 87.5 MPH)
|
Batting: LHB Nelis Geurts
|
0-0: Swinging Strike 0-1: Called Strike Nick Cottrell steals 2nd, throwing error, E2 Nick Cottrell to third 0-2: Ground out 6-3 (Groundball, 56, EV 88.1 MPH)
|
Batting: LHB Jarrett Mordecai
|
0-0: Ball 1-0: Ball 2-0: Ball 3-0: Called Strike 3-1: Base on Balls
|
Batting: RHB Guillermo Quintero
|
0-0: Ball 1-0: Ball 2-0: Called Strike 2-1: Fly out, F6 (Flyball, 6D, EV 75.6 MPH)
|
Top of the 5th over - 0 runs, 1 hit, 1 error, 2 left on base; Lowell 1 - Mahoning Valley 2 |
BOTTOM OF THE 5TH |
Mahoning Valley Scrappers batting - Pitching for Lowell Spinners : RHP Mike Schroeder
|
Batting: RHB Gashie Chimsima
|
0-0: Ball 1-0: Called Strike 1-1: Ground out 5-3 (Groundball, 56, EV 86.9 MPH)
|
Batting: RHB Willie Gonzales
|
0-0: Called Strike 0-1: Called Strike 0-2: Ball 1-2: Ball 2-2: Ball 3-2: Strikes out swinging
|
Batting: LHB John Harring
|
0-0: Ball 1-0: Ground out 6-3 (Groundball, 6, EV 80.0 MPH)
|
Bottom of the 5th over - 0 runs, 0 hits, 0 errors, 0 left on base; Lowell 1 - Mahoning Valley 2 |
TOP OF THE 6TH |
Lowell Spinners batting - Pitching for Mahoning Valley Scrappers : RHP Marcus Cox
|
Batting: LHB Noel Young
|
0-0: Ball 1-0: Ball 2-0: Called Strike 2-1: Ball 3-1: Foul Ball, location: 2F 3-2: Base on Balls
|
Batting: RHB Joel Vazquez
|
0-0: Ball 1-0: Grounds into double play, 5-4-3 (Groundball, 56, EV 103.8 MPH)
|
Batting: RHB Tommy Boudreaux
|
0-0: Ball 1-0: Ball 2-0: Swinging Strike 2-1: Called Strike 2-2: SINGLE (Line Drive, 6M, EV 105.0 MPH)
|
Batting: RHB Jose Diaz
|
0-0: Foul Ball, location: 2F 0-1: Swinging Strike 0-2: Ball 1-2: Strikes out swinging
|
Top of the 6th over - 0 runs, 1 hit, 0 errors, 1 left on base; Lowell 1 - Mahoning Valley 2 |
BOTTOM OF THE 6TH |
Mahoning Valley Scrappers batting - Pitching for Lowell Spinners : RHP Mike Schroeder
|
Batting: RHB Jeremy Givens
|
0-0: Ball 1-0: Called Strike 1-1: Ball 2-1: Ball 3-1: SINGLE (Groundball, 56D, EV 105.6 MPH)
|
Batting: RHB Ryan Gautney
|
0-0: Fly out, F7 (Flyball, 7S, EV 91.3 MPH)
|
Batting: SHB Joe Zeiset
|
0-0: Ball 1-0: SINGLE (Groundball, 6MS, EV 70.0 MPH) (infield hit) Jeremy Givens to second
|
Batting: LHB Devon Grant
|
0-0: Ball 1-0: Ball 2-0: Foul Ball, location: 2F 2-1: Ball 3-1: DOUBLE (Line Drive, 7LM, EV 113.1 MPH) Jeremy Givens scores Joe Zeiset to third
|
Batting: RHB Andy Lewis
|
0-0: Fly out, F4 (Line Drive, 4, EV 63.1 MPH) Lined into DP, 4-6 (Line Drive, 4, EV 64.4 MPH)
|
Bottom of the 6th over - 1 run, 3 hits, 0 errors, 1 left on base; Lowell 1 - Mahoning Valley 3 |
TOP OF THE 7TH |
Lowell Spinners batting - Pitching for Mahoning Valley Scrappers : RHP Marcus Cox
|
Pitching: RHP Josh Hughes
|
|
Batting: RHB Bobby Schimke
|
0-0: Called Strike 0-1: Ball 1-1: Ball 2-1: Called Strike 2-2: Ball 3-2: Foul Ball, location: 2F 3-2: Base on Balls
|
Batting: RHB Nick Cottrell
|
0-0: Ball 1-0: Ball 2-0: Foul Ball, location: 2F 2-1: Bunted foul 2-2: Foul Ball, location: 2F 2-2: Strikes out looking
|
Batting: LHB Nelis Geurts
|
0-0: Called Strike 0-1: Called Strike 0-2: Ball 1-2: Reached on error, E4 (Groundball, 4, EV 80.0 MPH) Bobby Schimke to second
|
Batting: LHB Jarrett Mordecai
|
0-0: Called Strike 0-1: Ball 1-1: Called Strike 1-2: Strikes out looking
|
Batting: RHB Guillermo Quintero
|
0-0: Ball 1-0: Swinging Strike 1-1: Ball 2-1: Foul Ball, location: 2F 2-2: Ball 3-2: Strikes out swinging
|
Top of the 7th over - 0 runs, 0 hits, 1 error, 2 left on base; Lowell 1 - Mahoning Valley 3 |
BOTTOM OF THE 7TH |
Mahoning Valley Scrappers batting - Pitching for Lowell Spinners : RHP Mike Schroeder
|
Batting: RHB Blake Kelly
|
0-0: Ground out 6-3 (Groundball, 6, EV 108.1 MPH)
|
Batting: RHB Gashie Chimsima
|
0-0: Fly out, F4 (Popup, 4S, EV 73.8 MPH)
|
Batting: RHB Willie Gonzales
|
0-0: Foul Ball, location: 2F 0-1: Foul Ball, location: 2F 0-2: Ground out 5-3 (Groundball, 56S, EV 83.8 MPH)
|
Bottom of the 7th over - 0 runs, 0 hits, 0 errors, 0 left on base; Lowell 1 - Mahoning Valley 3 |
TOP OF THE 8TH |
Lowell Spinners batting - Pitching for Mahoning Valley Scrappers : RHP Josh Hughes
|
Pitching: LHP Roberto Liza
|
|
Batting: LHB Noel Young
|
0-0: Called Strike 0-1: Ground out 3-1 (Groundball, 34S, EV 88.1 MPH)
|
Pitching: LHP J.J. Adkins
|
|
Batting: RHB Joel Vazquez
|
0-0: Ball 1-0: Called Strike 1-1: Swinging Strike 1-2: Strikes out swinging
|
Batting: RHB Tommy Boudreaux
|
0-0: Ball 1-0: Swinging Strike 1-1: Swinging Strike 1-2: Strikes out looking
|
Top of the 8th over - 0 runs, 0 hits, 0 errors, 0 left on base; Lowell 1 - Mahoning Valley 3 |
BOTTOM OF THE 8TH |
Mahoning Valley Scrappers batting - Pitching for Lowell Spinners : RHP Mike Schroeder
|
Batting: LHB John Harring
|
0-0: Ball 1-0: Foul Ball, location: 2F 1-1: Ball 2-1: Foul Ball, location: 2F 2-2: Foul Ball, location: 2F 2-2: SINGLE (Groundball, 6MD, EV 97.5 MPH)
|
Pitching: RHP Kasper Larkin
|
|
Batting: RHB Jeremy Givens
|
0-0: Ball John Harring steals 2nd base 1-0: Sac Bunt to 15 - play at first, batter OUT! 1-3 John Harring to third
|
Batting: RHB Ryan Gautney
|
0-0: Intentional Walk
|
Batting: SHB Joe Zeiset
|
0-0: Ball 1-0: Ball 2-0: Foul Ball, location: 2F 2-1: Called Strike 2-2: 3-RUN HOME RUN (Line Drive, 9D, EV 98.1 MPH), Distance : 386 ft
|
Batting: LHB Devon Grant
|
0-0: Called Strike 0-1: Ball 1-1: Swinging Strike 1-2: Ball 2-2: Foul Ball, location: 2F 2-2: Strikes out looking
|
Batting: RHB Andy Lewis
|
0-0: SOLO HOME RUN (Flyball, 7D, EV 100.0 MPH), Distance : 368 ft
|
Pitching: LHP Bryan Schaffer
|
|
Batting: RHB Blake Kelly
|
0-0: Called Strike 0-1: Swinging Strike 0-2: Strikes out swinging
|
Bottom of the 8th over - 4 runs, 3 hits, 0 errors, 0 left on base; Lowell 1 - Mahoning Valley 7 |
TOP OF THE 9TH |
Lowell Spinners batting - Pitching for Mahoning Valley Scrappers : LHP J.J. Adkins
|
Batting: RHB Jose Diaz
|
0-0: Ground out 1-3 (Groundball, P, EV 70.6 MPH)
|
Batting: RHB Bobby Schimke
|
0-0: SINGLE (Groundball, 4D, EV 94.4 MPH)
|
Batting: RHB Nick Cottrell
|
0-0: Ball 1-0: SINGLE (Groundball, 56, EV 102.5 MPH) (infield hit) Bobby Schimke to second
|
Batting: LHB Nelis Geurts
|
0-0: Swinging Strike 0-1: Called Strike 0-2: Ball 1-2: Fly out, F7 (Flyball, 78D, EV 92.5 MPH)
|
Batting: LHB Jarrett Mordecai
|
0-0: Called Strike 0-1: Ball 1-1: Ball 2-1: Ball 3-1: Fly out, F8 (Flyball, 78D, EV 103.1 MPH)
|
Top of the 9th over - 0 runs, 2 hits, 0 errors, 2 left on base; Lowell 1 - Mahoning Valley 7 |
|